Map: King Sejong Station LE

Players

Gracz

  • Race: Zerg Zerg
  • League: Bronze

aaa - Winner!

  • Race: Terran Terran
  • League: Bronze

VOD

Have the link to the VOD?

Description

Time

  • Played on: Sept. 3, 2016, 11:44 a.m.
  • Length: 9:59
Show
View Real Time Build Order
Export as new Build Order

Gracz Zerg 

Build Orders: Pool First 

Get SALT Encoding   

  12  0:09  Drone x2  
  14  0:29  Spawning Pool  
  13  0:44  Extractor  
  13  0:45  Overlord, Drone  
  13  1:04  Drone x2  
  15  1:16  Queen  
  17  1:33  Hatchery  
  17  1:37  Drone  
  17  1:42  Drone  
  17  1:46  Drone  
  19  2:17  Drone x3  
  22  2:37  Evolution Chamber  
  22  2:41  Evolution Chamber  
  22  2:43  Drone x2  
  22  2:48  Drone  
  23  3:03  Drone x3  
  26  3:25  Overlord x3  
  26  3:32  Zerg Melee Weapons Level 1  
  26  3:33  Zerg Ground Armor Level 1  
  26  3:43  Queen x2  
  30  3:53  Drone x3  
  30  3:54  Extractor  
  32  4:12  Roach Warren  
  31  4:19  Queen  
  33  4:56  Roach  
  33  4:57  Roach x4  
  43  5:07  Drone  
  43  5:11  Overlord x3  
  44  5:40  Lair  
  44  6:19  Queen  
  46  7:07  Zerg Ground Armor Level 2  
  46  7:08  Spire, Zerg Melee Weapons Level 2  
  45  7:17  Infestation Pit  
  44  8:00  Hive  
  44  8:23  Corruptor  
  44  8:24  Corruptor x2  
  50  8:29  Hatchery  
  50  8:31  Extractor  
  50  8:32  Extractor, Drone x3  
  50  8:33  Drone  
  51  9:01  Mutalisk  
  51  9:02  Mutalisk  
  2  9:46  Drone  
Show
View Real Time Build Order
Export as new Build Order

aaa Terran - Winner!

Build Orders: MMM Bio 

Get SALT Encoding   

  12  0:01  SCV  
  13  0:16  Supply Depot  
  13  0:18  SCV  
  14  0:30  SCV  
  15  0:41  Barracks  
  15  0:43  SCV  
  16  0:55  Supply Depot, SCV  
  17  1:04  Refinery  
  17  1:07  SCV  
  18  1:19  SCV  
  19  1:25  Barracks  
  19  1:31  SCV  
  20  1:33  Marine  
  21  1:43  SCV  
  22  1:47  Refinery  
  22  1:51  Marine  
  23  1:55  SCV  
  23  2:00  Barracks  
  24  2:07  SCV  
  25  2:09  Marine  
  25  2:14  Barracks Tech Lab  
  25  2:15  Supply Depot  
  26  2:26  Orbital Command  
  26  2:31  Marine  
  27  2:47  Barracks Reactor  
  27  2:49  Marine  
  28  3:11  Command Center  
  28  3:24  Barracks  
  28  3:29  Marine x2  
  28  3:30  Marine x2  
  32  3:38  Stimpack  
  32  3:47  Marine  
  33  4:12  Marine  
  33  4:13  Marauder  
  33  4:14  Marine  
  33  4:16  Marine  
  38  4:25  SCV  
  38  4:30  Marine  
  40  4:34  Marauder  
  40  4:35  Supply Depot  
  42  4:43  Bunker  
  42  4:45  Marine  
  42  4:49  Marine  
  45  4:52  Marine  
  45  4:55  Marauder  
  48  5:03  Barracks Reactor, Marine  
  48  5:07  Marine  
  49  5:15  Marine  
  49  5:17  Marauder  
  49  5:21  Marine  
  53  5:32  Factory, SCV  
  53  5:35  SCV  
  55  5:38  Combat Shields, Marauder  
  57  5:44  SCV  
  57  5:47  SCV  
  59  5:56  Marine, SCV  
  61  5:57  Marine  
  61  5:59  SCV  
  61  6:02  Marine  
  61  6:03  Marine  
  65  6:06  Marine  
  65  6:09  Marine, SCV  
  68  6:14  Marine  
  69  6:21  Starport  
  69  6:22  Factory Tech Lab  
  69  6:24  Marine  
  70  7:02  Supply Depot  
  70  7:09  Supply Depot  
  70  7:23  Marine x5, Siege Tank  
  70  7:24  Supply Depot  
  78  7:30  Medivac, SCV x2  
  78  7:31  Marauder  
  78  7:32  Supply Depot  
  84  7:41  Marine x2  
  86  7:45  Marine x3  
  89  7:52  Marauder  
  89  7:56  Refinery  
  91  7:59  Marine  
  91  8:00  Medivac  
  94  8:13  Marauder  
  96  8:20  SCV x2  
  96  8:24  Marine  
  96  8:25  Marine x4  
  103  8:32  Supply Depot, SCV  
  104  8:35  Marauder  
  106  8:42  Marine  
  107  8:56  Marauder  
  107  9:18  Marauder  
Tags
 
Add a new tag
Caveats
  • Supply blocks, unpowered buildings, or Contaminate may cause inaccurate times.
  • Supply counts are checked every 10 seconds.